 Dungeon Crawl Stone Soup version 0.28-a0-724-g66f9036eb4 (webtiles) character file.

Game seed: 17303128752689917687

66 voltaire321 the Charlatan (level 3, 0/27 HPs)
             Began as a Demonspawn Artificer on Oct 22, 2021.
             Succumbed to an adder's poison
             ... on level 2 of the Dungeon on Oct 26, 2021.
             The game lasted 00:06:17 (2224 turns).

voltaire321 the Charlatan (Demonspawn Artificer)    Turns: 2224, Time: 00:06:18

Health: 0/27       AC: 10    Str: 18    XL:     3   Next: 96%
Magic:  3/3        EV: 12    Int: 12    God:
Gold:   69         SH:  0    Dex: 14    Spells: 2/2 levels left

rFire   . . .      SeeInvis .   j - +0 short sword
rCold   . . .      Faith    .   (no shield)
rNeg    . . .      Spirit   .   b - +0 leather armour
rPois   .          Reflect  .   (no helmet)
rElec   .          Harm     .   (no cloak)
rCorr   .          Rampage  .   (no gloves)
Will    .....                   h - +0 pair of boots
Stlth   +.........              (no amulet)
HPRegen 0.09/turn               m - +6 ring of strength
MPRegen 0.08/turn               (no ring)

@: lethally poisoned (0 -> -6), sanguine armoured
A: sanguine armour 1
a: no special abilities


You were on level 2 of the Dungeon.
You visited 1 branch of the dungeon, and saw 2 of its levels.

You collected 69 gold pieces.

Inventory:

Hand Weapons
 j - a +0 short sword (weapon)
Armour
 b - a +0 leather armour (worn)
 h - a +0 pair of boots (worn)
Jewellery
 m - a +6 ring of strength (left hand)
Wands
 c - a wand of flame (9) (quivered)
 d - a wand of charming (15)
Scrolls
 g - 2 scrolls of vulnerability {unknown}
 i - a scroll of fear {unknown}
 k - a scroll of blinking {unknown}
Potions
 a - a potion of berserk rage {unknown}
 f - a potion of curing {unknown}
 l - a potion of invisibility {unknown}
Miscellaneous
 e - a piece from Xom's chessboard (15/15)


   Skills:
 + Level 2.0 Fighting
 + Level 2.4 Armour
 + Level 1.8 Dodging
 - Level 0.8 Stealth
 + Level 3.5 Evocations


You had 2 spell levels left.
You didn't know any spells.
Your spell library was empty.

Dungeon Overview and Level Annotations

Branches:
Dungeon (2/15)

Altars:


Innate Abilities, Weirdness & Mutations

When seriously injured, your bleeding wounds create armour. (AC +6)


Message History

You hit the adder but do no damage.
The adder is lightly wounded.
You feel sick. The adder bites you but does no damage.
You closely miss the adder.
The adder is lightly wounded.
Your blood congeals into armour.
You feel sick.
The adder bites you but does no damage. x2
You hit the adder.
The adder is heavily wounded.
You feel sick. The adder bites you but does no damage.
You hit the adder.
The adder is severely wounded.
You feel sick.
You are no longer poisoned.
The adder bites you.
You are poisoned.
The adder poisons you!
You completely miss the adder.
The adder is severely wounded.
You feel sick. The adder bites you.
* * * LOW HITPOINT WARNING * * *
You are lethally poisoned!
The adder poisons you! The adder closely misses you.
You closely miss the adder.
The adder is severely wounded.
* * * LOW HITPOINT WARNING * * *
You feel very sick. The adder bites you but does no damage.
You barely miss the adder.
The adder is severely wounded.
* * * LOW HITPOINT WARNING * * *
You feel very sick. The adder bites you but does no damage.
The adder barely misses you.
You hit the adder.
The adder is almost dead.
* * * LOW HITPOINT WARNING * * *
You feel sick. The adder misses you.
You hit the adder.
You kill the adder!
You die...

#...## #... .... ...
#####.. #.# ....# .###
#.###### ....#
....###......### ##..#.
#............#
_'..#.###.......##.#.###
##..#..........$.......#
....#..##.......@..#...
....#..##........†.#
#####....[............
.......##...............
#........####.#######...
##.###.#.# #.# #.
#.###.#># ... #.##..#.#
..... #)##.##.# ..#


There were no monsters in sight!

Vanquished Creatures
  3 adders (D:2)
  2 dart slugs
  2 ball pythons
  4 endoplasms
  A giant cockroach (D:1)
  5 goblins (D:1)
  5 hobgoblins (D:1)
  4 jackals (D:1)
  2 kobolds
  2 quokkas (D:1)
  4 bats
  3 frilled lizards
  3 rats (D:1)
40 creatures vanquished.

Notes
Turn   | Place    | Note
-------+----------+-------------------------------------------
     0 | D:1      | voltaire321 the Demonspawn Artificer began the quest for
                  | the Orb.
     0 | D:1      | Reached XP level 1. HP: 15/15 MP: 1/1
    45 | D:1      | Reached skill level 1 in Dodging
   299 | D:1      | Gained mutation: When seriously injured, your bleeding
                  | wounds create armour. (AC +6) [demonic ancestry]
   299 | D:1      | Reached XP level 2. HP: 10/21 MP: 2/2
   850 | D:1      | Upgraded the game from 0.28-a0-691-gad6df49e81 to
                  | 0.28-a0-724-g66f9036eb4
  1128 | D:1      | Reached XP level 3. HP: 24/26 MP: 3/3
  2145 | D:2      | Found a faded altar of an unknown god.
  2223 | D:2      | HP: 1/27 [poisoned by an adder]
  2224 | D:2      | Succumbed to an adder's poison

Illustrated notes

Levels and vault maps discovered:
D:1:      co_arrival_random_square_maze, layout_loops_ring,
          hangedman_decor_peaks_small
D:2:      layout_loops_cross, hellmonk_ecumenical_altar_inner_sanctum,
          hangedman_abyss_or_decor_stabs

Skill      XL: |  1  2  3 |
---------------+----------+-----
Dodging        | 1 |  1.8
Armour         | 2 |  2.4
Fighting       | 2 |  2.0
Stealth        | |  0.8
Evocations     | |  3.5

Action                   || total
-------------------------++-------
Melee: Club              ||    30
       Dagger            ||    86
       Short sword       ||    82
Evoke: Wand              ||     6
 Stab: Sleeping          ||     6
Armor: Leather armour    ||    67
Dodge: Dodged            ||   156

Table legend: (Time is in decaauts)
 A = Elapsed time spent in this place.
 B = Non-inter-level travel time spent in this place.
 C = Inter-level travel time spent in this place.
 D = Time resting spent in this place.
 E = Time spent auto-exploring this place.
 F = Levels seen in this place.
 G = Mean time per level.
                   A        B        C        D        E       F      G
               +--------+--------+--------+--------+--------+-----+--------+
         Total |   2239 |   2210 |     29 |    818 |    910 |   2 | 1119.5 |
       Dungeon |   2239 |   2210 |     29 |    818 |    910 |   2 | 1119.5 |
               +--------+--------+--------+--------+--------+-----+--------+

Top non-repeatable levels by time:
     D:1: 1733 daAuts
     D:2: 506 daAuts
